 Dungeon Crawl Stone Soup version 0.26.0-10-g1f06aea511 (webtiles) character file.

Game seed: 8499314520783567588

5731 MisterFreud the Cleaver (level 10, -17/83 HPs)
             Began as a Hill Orc Gladiator on Jan 16, 2021.
             Was a Priest of the Shining One.
             Hit by a large rock thrown by a stone giant (43 damage)
             ... on level 9 of the Dungeon.
             The game lasted 00:12:05 (11008 turns).

MisterFreud the Cleaver (Hill Orc Gladiator)       Turns: 11008, Time: 00:12:06

Health: -17/83     AC: 15    Str: 21    XL:     10   Next: 77%
Magic:  0/10       EV:  9    Int:  8    God:    the Shining One [***...]
Gold:   742        SH:  5    Dex: 12    Spells: 9/9 levels left

rFire    + . .     SeeInvis .   N - +5 war axe
rCold    x . .     Faith    .   l - +0 buckler
rNeg     + . .     Spirit   +   x - +2 chain mail {rPois}
rPois    +         Reflect  .   t - +0 helmet
rElec    .         Harm     .   (no cloak)
rCorr    .         Rampage  .   (no gloves)
Will     .....                  (no boots)
Stlth    ..........             C - amulet of guardian spirit
HPRegen  0.23/turn              i - ring of fire
MPRegen  0.12/turn              D - ring of wizardry

@: glowing
A: no striking features
a: Renounce Religion, Divine Shield


You were on level 9 of the Dungeon.
You worshipped the Shining One.
The Shining One was most pleased with you.
You visited 2 branches of the dungeon, and saw 10 of its levels.

You collected 742 gold pieces.

Inventory:

Hand Weapons
 a - a +0 war axe
 N - a +5 war axe (weapon)
Missiles
 d - 3 throwing nets (quivered)
Armour
 b - a +0 leather armour
 c - a +0 helmet
 l - a +0 buckler (worn)
 s - a +0 ring mail
 t - a +0 helmet (worn)
 x - a +2 chain mail of poison resistance (worn)
 M - a +0 kite shield
Jewellery
 f - an uncursed ring of flight
 i - a ring of fire (left hand)
 C - an amulet of guardian spirit (around neck)
 D - a ring of wizardry (right hand)
Wands
 g - a wand of iceblast (13)
 u - a wand of polymorph (8)
 F - a wand of disintegration (7)
 H - a wand of acid (22)
Scrolls
 j - 6 scrolls of teleportation
 p - 4 scrolls of blinking
 q - 5 scrolls of remove curse
 y - 9 scrolls of identify
 z - 4 scrolls of enchant armour {unknown}
 A - a scroll of fear
 E - 2 scrolls of magic mapping
 G - a scroll of enchant weapon {unknown}
 J - 2 scrolls of amnesia {unknown}
 K - 2 scrolls of immolation {unknown}
 L - a scroll of random uselessness {unknown}
 P - a scroll of fog {unknown}
Potions
 e - 5 potions of haste
 h - a potion of might {unknown}
 k - 3 potions of mutation {unknown}
 m - 7 potions of flight {unknown}
 n - a potion of brilliance {unknown}
 o - a potion of degeneration
 r - 2 potions of curing
 v - a potion of ambrosia
 w - 3 potions of magic {unknown}
 B - 2 potions of attraction {unknown}
 I - a potion of lignification {unknown}
 O - a potion of cancellation {unknown}
 Q - a potion of heal wounds {unknown}


   Skills:
 - Level 6.0 Fighting
 + Level 14.5 Axes
 - Level 1.7 Throwing
 - Level 10.0 Armour
 - Level 2.4 Dodging
 - Level 4.0 Shields


You had 9 spell levels left.
You didn't know any spells.
Your spell library contained the following spells:

 Spells                   Type           Power        Failure   Level
 Animate Skeleton         Necr           0%           71%         1
 Apportation              Tloc           0%           71%         1
 Beastly Appendage        Tmut           0%           71%         1
 Corona                   Hex            0%           71%         1
 Freeze                   Ice            0%           71%         1
 Summon Small Mammal      Summ           0%           71%         1
 Wereblood                Tmut           0%           83%         2
 Spider Form              Tmut/Pois      0%           96%         3
 Ice Form                 Ice/Tmut       0%           100%        4
 Blade Hands              Tmut           0%           100%        5


Dungeon Overview and Level Annotations

Branches:
Dungeon (9/15)             Temple (1/1) D:5            Lair (0/6) D:9
    Orc: D:9-12

Altars:
Ashenzari
Cheibriados
Dithmenos
Elyvilon
Fedhas
Kikubaaqudgha
Makhleb
Nemelex Xobeh
Okawaru
Qazlal
Ru
Sif Muna
Trog
Xom
The Shining One

Shops:
D:6 (

Annotations:
D:7 1 exclusion


Message History

You see here a large rock.
The stone giant hits you!!
The stone giant throws a large rock.
The large rock completely misses you.
You see here a large rock.
You hit the stone giant but do no damage.
You hit the stone giant but do no damage.
The stone giant barely misses you.
Unknown command.
You see here a large rock.
The stone giant throws a large rock.
The large rock barely misses you.
You see here 2 large rocks.
The stone giant throws a large rock.
The large rock closely misses you.
You see here a large rock.
The stone giant throws a large rock.
The large rock hits you!!
You see here a large rock.
The stone giant throws a large rock.
You block the large rock.
You see here a large rock.
The stone giant throws a large rock.
The large rock hits you!!!
Ouch! That really hurt!
You die...

#...>........... .
#..........|......
########......#..........
#......#......#.#####.###
#.............#.#........
#.............#.#.#.#.#.#
####....).......#..#.#.#.
###..........#.#.....#
#[.@.....#....#.#.#.
#..(.....#.#.#.....#
#..(.....#.#..#.#.#.
#..C.....#.#.#.#.#.#
##########........#........
#..)..............#####.###
#.................# .....Y
#.............C...#.#.#.#.#
#.................#.......)


You could see 2 stone giants.

Vanquished Creatures
  2 two-headed ogres
  A troll (D:9)
  Prince Ribbit (D:8)
  A yak (D:9)
  A steam dragon (D:9)
  An acid dragon (D:9)
  A water moccasin (D:9)
  3 orc warriors
  A hornet zombie (D:9)
  A black bear (D:8)
  A phantom (D:5)
  An ogre (D:9)
  A necrophage (D:9)
  2 big kobolds
  3 bullfrogs
  8 killer bees
  A howler monkey (D:5)
  12 wights
  5 hounds
  3 orc priests
  A gnoll shaman (D:9)
  A bullfrog skeleton (D:8)
  5 jellies
  15 orc wizards
  Ijyb (D:5)
  Terence (D:3)
  Natasha (twice) (D:3)
  3 iguanas
  6 worker ants
  A killer bee zombie (D:6)
  A hound zombie (D:9)
  3 hound skeletons
  3 worker ant zombies
  4 gnolls (D:9)
  A howler monkey skeleton (D:8)
  11 adders
  2 shadow imps (D:9)
  2 white imps (D:5)
  An ufetubus (D:5)
  An ooze (D:3)
  3 adder skeletons
  3 adder zombies
  4 worms
  5 dart slugs
  9 leopard geckos
  43 orcs
  A bat skeleton (D:2)
  A bat zombie (D:4)
  2 giant cockroaches
  10 goblins
  6 hobgoblins
  18 jackals
  21 kobolds
  3 quokkas
  4 ball pythons
  13 bats
  2 frilled lizards
  2 leopard gecko skeletons
  7 rats
  2 rat zombies (D:4)
274 creatures vanquished.

Vanquished Creatures (others)
  A shadow imp (D:9)
1 creature vanquished.

Grand Total: 275 creatures vanquished

Notes
Turn   | Place    | Note
-------+----------+-------------------------------------------
     0 | D:1      | MisterFreud the Hill Orc Gladiator began the quest for the
                  | Orb.
     0 | D:1      | Reached XP level 1. HP: 18/18 MP: 1/1
    76 | D:1      | Reached XP level 2. HP: 15/25 MP: 2/2
   327 | D:1      | Reached skill level 5 in Axes
   362 | D:1      | Reached XP level 3. HP: 16/30 MP: 3/3
  1086 | D:2      | Reached skill level 6 in Axes
  1422 | D:2      | Reached XP level 4. HP: 37/37 MP: 4/4
  1750 | D:2      | Reached skill level 1 in Shields
  2484 | D:3      | Found a blossoming altar of Fedhas.
  2629 | D:3      | Reached XP level 5. HP: 42/42 MP: 5/5
  2641 | D:3      | Reached skill level 7 in Axes
  2647 | D:3      | Noticed Natasha
  2657 | D:3      | Killed Natasha
  2722 | D:3      | Noticed Terence
  2738 | D:3      | Killed Terence
  2794 | D:3      | Reached XP level 6. HP: 50/50 MP: 6/6
  2815 | D:3      | Found a sparkling altar of Nemelex Xobeh.
  2895 | D:3      | Found a snail-covered altar of Cheibriados.
  2986 | D:3      | Noticed Natasha
  2994 | D:3      | Killed Natasha
  3221 | D:3      | Reached skill level 1 in Armour
  3606 | D:4      | Found an ancient bone altar of Kikubaaqudgha.
  3871 | D:4      | Reached skill level 8 in Axes
  4338 | D:4      | Found a shimmering blue altar of Sif Muna.
  4346 | D:4      | Noticed an orc warrior
  4358 | D:4      | Killed an orc warrior
  4359 | D:4      | Reached XP level 7. HP: 25/56 MP: 3/7
  4530 | D:4      | Identified Sif Muna's Catalogue of Frigorific Black Secrets
  4536 | D:4      | Found a bloodstained altar of Trog.
  4595 | D:4      | Found a shimmering altar of Xom.
  4691 | D:5      | Entered Level 5 of the Dungeon
  5116 | D:5      | Found a staircase to the Ecumenical Temple.
  5161 | Temple   | Entered the Ecumenical Temple
  5182 | Temple   | Became a worshipper of the Shining One
  5321 | D:5      | Reached skill level 9 in Axes
  5401 | D:5      | Noticed Ijyb
  5447 | D:5      | Killed Ijyb
  5831 | D:5      | Reached XP level 8. HP: 62/62 MP: 8/8
  6119 | D:5      | Reached skill level 5 in Armour
  6195 | D:5      | Reached * piety under the Shining One
  6451 | D:6      | Reached skill level 10 in Axes
  6704 | D:6      | You fall into a shaft and drop 3 floors!
  6785 | D:9      | Noticed a troll
  6799 | D:9      | Killed a troll
  7163 | D:9      | Reached XP level 9. HP: 13/72 MP: 4/9
  7513 | D:9      | Found a staircase to the Lair.
  7632 | D:9      | Reached skill level 5 in Fighting
  7632 | D:9      | Reached skill level 11 in Axes
  8127 | D:7      | Found an iron altar of Okawaru.
  8335 | D:6      | Found Maickay's Weapon Shoppe.
  8349 | D:6      | Reached ** piety under the Shining One
  9256 | D:8      | Noticed a two-headed ogre
  9268 | D:8      | Killed a two-headed ogre
  9269 | D:8      | Reached skill level 12 in Axes
  9269 | D:8      | Reached XP level 10. HP: 15/83 MP: 1/10
  9959 | D:8      | Reached skill level 13 in Axes
  9986 | D:8      | Noticed Prince Ribbit
 10009 | D:8      | Killed Prince Ribbit
 10030 | D:8      | Reached skill level 10 in Armour
 10178 | D:8      | Reached *** piety under the Shining One
 10540 | D:9      | Noticed a two-headed ogre
 10552 | D:9      | Killed a two-headed ogre
 10553 | D:9      | Reached skill level 14 in Axes
 10946 | D:9      | Found a shadowy altar of Dithmenos.
 10981 | D:9      | Noticed a stone giant
 10982 | D:9      | Noticed a stone giant
 11008 | D:9      | Hit by a large rock thrown by a stone giant

Illustrated notes

Levels and vault maps discovered:
D:1:      dpeg_arrival_rooms_with_view, layout_rooms, minivault_24
D:2:      layout_basic, serial_undead, serial_undead_d, serial_undead_d,
          serial_undead_b, serial_undead_b
D:3:      layout_loops_ring, overflow_temple_1_default, fedhas_altar_2,
          kennysheep_nondescript, nemelex_diamond_rough_becter, uniq_terence,
          uniq_natasha
D:4:      minmay_recursive_quarters, layout_rooms,
          nzn_overflow_gifts_of_might_and_magic,
          lemuel_zombie_altar_kikubaaqudgha, tgw_xom,
          minmay_misc_feat_four_crosses, glass_columns_c
D:5:      layout_loops_corners, minmay_temple_entry_junction,
          cheibrodos_sewer_entry_drain, uniq_ijyb
D:6:      layout_basic, serial_shops, shop, minmay_fountain_box
D:7:      layout_gridville, kennysheep_okawaru_gauntlet
D:8:      layout_basic, uniq_prince_ribbit1
D:9:      minmay_the_grid_4x2 [minmay_the_grid_small_cups,
          minmay_the_grid_dragon_a, minmay_the_grid_all_tris,
          minmay_the_grid_aliased_spiral, minmay_the_grid_minigrid_small,
          minmay_the_grid_gridbox, minmay_the_grid_dragon_b,
          minmay_the_grid_prize_diamond_cup], layout_basic, lair_entry_dummy,
          grunt_dithmenos_shadows
Temple:   regret_index_temple_sphere_string

Skill      XL: |  1  2  3  4  5  6  7  8  9 10 |
---------------+-------------------------------+-----
Axes           | 5 6 7 8 9 10 12 14 | 14.5
Shields        | 1 3 4 |  4.0
Armour         | 2 4 6 9 10 | 10.0
Fighting       | 4 6 |  6.0
Throwing       | |  1.7
Dodging        | |  2.4

Action                   |  1- 3 |  4- 6 |  7- 9 | 10-12 || total
-------------------------+-------+-------+-------+-------++-------
Melee: War axe           |   108 |   233 |   406 |   175 ||   922
  Use: Scroll            |       |     6 |       |       ||     6
       Potion            |       |       |     3 |     1 ||     4
 Stab: Sleeping          |     1 |       |       |       ||     1
Armor: Leather armour    |    54 |    16 |       |       ||    70
       Ring mail         |       |    13 |       |       ||    13
       Chain mail        |       |    72 |   181 |   101 ||   354
Dodge: Dodged            |    95 |   103 |   159 |    74 ||   431
Block: Buckler           |     1 |    49 |    91 |    42 ||   183
